TOP OF THE 1ST |
Santa Monica Bruins batting - Pitching for Spokane Trappers : LHP Pedro Mata
|
Pitching: LHP Pedro Mata
|
|
Batting: RHB Iván De Jesús
|
0-0: Swinging Strike 0-1: Called Strike 0-2: Strikes out looking
|
Batting: RHB Lorenzo Martínez
|
0-0: Called Strike 0-1: Ball 1-1: Ball 2-1: Foul Ball, location: 2F 2-2: SINGLE (Line Drive, 34D)
|
Batting: LHB Germán Charfauros
|
0-0: Called Strike 0-1: Ball 1-1: Swinging Strike 1-2: Strikes out swinging
|
Batting: RHB Danny Crouch
|
0-0: Fly out, F8 (Flyball, 8LM)
|
Top of the 1st over - 0 run(s), 1 hit(s), 0 error(s), 1 left on base; Santa Monica 0 - Spokane 0 |
BOTTOM OF THE 1ST |
Spokane Trappers batting - Pitching for Santa Monica Bruins : RHP Sloan Otto
|
Pitching: RHP Sloan Otto
|
|
Batting: RHB Zi-xing King
|
0-0: Swinging Strike 0-1: Ball 1-1: Swinging Strike 1-2: Strikes out looking
|
Batting: RHB Hyo-sang Yu
|
0-0: Fly out, F8 (Line Drive, 8RM)
|
Batting: LHB Juan Cortés
|
0-0: Called Strike 0-1: Ball 1-1: Ball 2-1: Swinging Strike 2-2: Fly out, F9 (Flyball, 9D)
|
Bottom of the 1st over - 0 run(s), 0 hit(s), 0 error(s), 0 left on base; Santa Monica 0 - Spokane 0 |
TOP OF THE 2ND |
Santa Monica Bruins batting - Pitching for Spokane Trappers : LHP Pedro Mata
|
Batting: RHB Javier Deleón
|
0-0: SINGLE (Groundball, 34D)
|
Batting: LHB Matsusuke Yamasaki
|
0-0: Called Strike 0-1: Swinging Strike 0-2: Ball 1-2: Strikes out swinging
|
Batting: RHB Mario Martínez
|
0-0: Called Strike 0-1: Ball 1-1: Ball 2-1: Ball 3-1: Called Strike 3-2: Strikes out swinging
|
Batting: RHB Salvador Salas
|
0-0: Ball 1-0: Ball 2-0: Called Strike 2-1: 2-RUN HOME RUN (Flyball, 7D), Distance : 373 ft
|
Batting: RHB Grant Jenkins
|
0-0: Called Strike 0-1: Called Strike 0-2: SOLO HOME RUN (Flyball, 8LXD), Distance : 426 ft
|
Batting: RHB Iván De Jesús
|
0-0: Swinging Strike 0-1: Ball 1-1: Foul Ball, location: 2F 1-2: SINGLE (Groundball, 56D)
|
Batting: RHB Lorenzo Martínez
|
0-0: Called Strike 0-1: Ball 1-1: Ball 2-1: Ball 3-1: Foul Ball, location: 2F 3-2: Strikes out looking
|
Top of the 2nd over - 3 run(s), 4 hit(s), 0 error(s), 1 left on base; Santa Monica 3 - Spokane 0 |
BOTTOM OF THE 2ND |
Spokane Trappers batting - Pitching for Santa Monica Bruins : RHP Sloan Otto
|
Batting: RHB Ernesto Acosta
|
0-0: Ball 1-0: Called Strike 1-1: Foul Ball, location: 2F 1-2: Ball 2-2: Ball 3-2: Hit by Pitch
|
Batting: RHB Pedro Guzmán
|
0-0: Ball 1-0: Ball 2-0: Swinging Strike 2-1: Foul Ball, location: 2F 2-2: Foul Ball, location: 2F 2-2: DOUBLE (Line Drive, 7LM) Ernesto Acosta to third
|
Batting: RHB Clyde Kelley
|
0-0: Ball 1-0: Ball 2-0: Called Strike 2-1: Foul Ball, location: 2F 2-2: Ball 3-2: Base on Balls
|
Batting: RHB Mario Hernández
|
0-0: Ball 1-0: Ball 2-0: Ball 3-0: Called Strike 3-1: Called Strike 3-2: Base on Balls Ernesto Acosta scores Pedro Guzmán to third Clyde Kelley to second
|
Batting: LHB Pete Carter
|
0-0: Foul Ball, location: 2F 0-1: Ball 1-1: Foul Ball, location: 2F 1-2: Foul Ball, location: 2F 1-2: Foul Ball, location: 2F 1-2: Foul Ball, location: 2F 1-2: Ball 2-2: Ball 3-2: Base on Balls Pedro Guzmán scores Clyde Kelley to third Mario Hernández to second
|
Batting: RHB Guy Miller
|
0-0: Ball 1-0: Called Strike 1-1: DOUBLE (Line Drive, 7LS) Clyde Kelley scores Mario Hernández scores Pete Carter to third
|
Batting: RHB Zi-xing King
|
0-0: SINGLE (Groundball, 34) Pete Carter scores Guy Miller to third Runner from 3rd tries for Home, SAFE, throw made home Zi-xing King to second
|
Batting: RHB Hyo-sang Yu
|
0-0: Called Strike 0-1: Called Strike 0-2: SINGLE (Line Drive, 56D) Zi-xing King to third Runner from 3rd tries for Home, SAFE, no throw or cutoff
|
Batting: LHB Juan Cortés
|
0-0: Called Strike Hyo-sang Yu is caught stealing 2nd base 0-1: Ball 1-1: Called Strike 1-2: Strikes out swinging
|
Batting: RHB Ernesto Acosta
|
0-0: Called Strike 0-1: Ball 1-1: Ground out 3-1 (Groundball, 3)
|
Bottom of the 2nd over - 7 run(s), 4 hit(s), 0 error(s), 0 left on base; Santa Monica 3 - Spokane 7 |
TOP OF THE 3RD |
Santa Monica Bruins batting - Pitching for Spokane Trappers : LHP Pedro Mata
|
Batting: LHB Germán Charfauros
|
0-0: Called Strike 0-1: Foul Ball, location: 2F 0-2: Ball 1-2: Ball 2-2: Ground out 4-3 (Groundball, 4)
|
Batting: RHB Danny Crouch
|
0-0: Called Strike 0-1: Foul Ball, location: 2F 0-2: Ball 1-2: SINGLE (Line Drive, 4M)
|
Batting: RHB Javier Deleón
|
0-0: Called Strike 0-1: Ball 1-1: Swinging Strike 1-2: Ball 2-2: Foul Ball, location: 2F 2-2: Ball 3-2: Grounds into double play, 6-4-3 (Groundball, 6)
|
Top of the 3rd over - 0 run(s), 1 hit(s), 0 error(s), 0 left on base; Santa Monica 3 - Spokane 7 |
BOTTOM OF THE 3RD |
Spokane Trappers batting - Pitching for Santa Monica Bruins : RHP Sloan Otto
|
Batting: RHB Pedro Guzmán
|
0-0: SINGLE (Line Drive, 78M)
|
Batting: RHB Clyde Kelley
|
0-0: Ball 1-0: Ball 2-0: Ball 3-0: Base on Balls Pedro Guzmán to second
|
Batting: RHB Mario Hernández
|
0-0: Foul Ball, location: 2F 0-1: Called Strike 0-2: Grounds into double play, 5-4-3 (Groundball, 56) Pedro Guzmán to third
|
Batting: LHB Pete Carter
|
0-0: SINGLE (Flyball, 7S) Pedro Guzmán scores
|
Pitching: RHP José Moya
|
|
Batting: RHB Guy Miller
|
0-0: Ball 1-0: Ball 2-0: Foul Ball, location: 2F 2-1: Ball 3-1: Foul Ball, location: 2F 3-2: Ground out 5-3 (Groundball, 5)
|
Bottom of the 3rd over - 1 run(s), 2 hit(s), 0 error(s), 1 left on base; Santa Monica 3 - Spokane 8 |
TOP OF THE 4TH |
Santa Monica Bruins batting - Pitching for Spokane Trappers : LHP Pedro Mata
|
Batting: LHB Matsusuke Yamasaki
|
0-0: Ball 1-0: Ball 2-0: Foul Ball, location: 2F 2-1: Ball 3-1: Fly out, F8 (Flyball, 8LD)
|
Batting: RHB Mario Martínez
|
0-0: Ball 1-0: Foul Ball, location: 2F 1-1: Called Strike 1-2: Fly out, F7 (Flyball, 7LD)
|
Batting: RHB Salvador Salas
|
0-0: Called Strike 0-1: Ball 1-1: Ball 2-1: Foul Ball, location: 2F 2-2: Ball 3-2: Foul Ball, location: 2F 3-2: Base on Balls
|
Batting: RHB Grant Jenkins
|
0-0: Called Strike 0-1: Called Strike 0-2: Ball 1-2: Ball 2-2: Fly out, F7 (Flyball, 7M)
|
Top of the 4th over - 0 run(s), 0 hit(s), 0 error(s), 1 left on base; Santa Monica 3 - Spokane 8 |
BOTTOM OF THE 4TH |
Spokane Trappers batting - Pitching for Santa Monica Bruins : RHP José Moya
|
Batting: RHB Zi-xing King
|
0-0: Ball 1-0: Bunt missed! 1-1: Ball 2-1: Called Strike 2-2: Strikes out swinging
|
Batting: RHB Hyo-sang Yu
|
0-0: Ball 1-0: Called Strike 1-1: Ball 2-1: Foul Ball, location: 2F 2-2: Strikes out swinging
|
Batting: LHB Juan Cortés
|
0-0: Ground out 5-3 (Groundball, 56)
|
Bottom of the 4th over - 0 run(s), 0 hit(s), 0 error(s), 0 left on base; Santa Monica 3 - Spokane 8 |
TOP OF THE 5TH |
Santa Monica Bruins batting - Pitching for Spokane Trappers : LHP Pedro Mata
|
Batting: RHB Iván De Jesús
|
0-0: Called Strike 0-1: SINGLE (Line Drive, 89S)
|
Batting: RHB Lorenzo Martínez
|
0-0: Called Strike 0-1: Ball 1-1: Ball 2-1: Ground out 5-3 (Groundball, 5S) Iván De Jesús to second
|
Pitching: RHP Arthur Green
|
|
Batting: LHB Germán Charfauros
|
0-0: Foul Ball, location: 2F 0-1: Foul Ball, location: 2F 0-2: Ball 1-2: Strikes out swinging
|
Batting: RHB Danny Crouch
|
0-0: Ball 1-0: Foul Ball, location: 2F 1-1: Called Strike 1-2: SINGLE (Line Drive, 89M) Iván De Jesús to third Runner from 3rd tries for Home, SAFE, no throw or cutoff
|
Batting: RHB Javier Deleón
|
0-0: Ball Danny Crouch steals 2nd base 1-0: Called Strike 1-1: Foul Ball, location: 2F 1-2: Strikes out swinging
|
Top of the 5th over - 1 run(s), 2 hit(s), 0 error(s), 1 left on base; Santa Monica 4 - Spokane 8 |
BOTTOM OF THE 5TH |
Spokane Trappers batting - Pitching for Santa Monica Bruins : RHP José Moya
|
Batting: RHB Ernesto Acosta
|
0-0: Ball 1-0: Foul Ball, location: 2F 1-1: Called Strike 1-2: Strikes out looking
|
Batting: RHB Pedro Guzmán
|
0-0: Ball 1-0: SINGLE (Groundball, 6MD)
|
Batting: RHB Clyde Kelley
|
0-0: Ball 1-0: Swinging Strike 1-1: Swinging Strike 1-2: Foul Ball, location: 2F 1-2: Ball 2-2: Strikes out swinging
|
Batting: RHB Mario Hernández
|
0-0: Ball 1-0: Ball Pedro Guzmán steals 2nd base 2-0: Swinging Strike 2-1: Called Strike 2-2: Ground out 5-3 (Groundball, 5)
|
Bottom of the 5th over - 0 run(s), 1 hit(s), 0 error(s), 1 left on base; Santa Monica 4 - Spokane 8 |
TOP OF THE 6TH |
Santa Monica Bruins batting - Pitching for Spokane Trappers : RHP Arthur Green
|
Batting: LHB Matsusuke Yamasaki
|
0-0: Ball 1-0: Ball 2-0: Called Strike 2-1: Ball 3-1: Swinging Strike 3-2: Strikes out swinging
|
Batting: RHB Mario Martínez
|
0-0: Ground out 6-3 (Groundball, 6)
|
Batting: RHB Salvador Salas
|
0-0: Called Strike 0-1: Foul Ball, location: 2F 0-2: Ball 1-2: Strikes out looking
|
Top of the 6th over - 0 run(s), 0 hit(s), 0 error(s), 0 left on base; Santa Monica 4 - Spokane 8 |
BOTTOM OF THE 6TH |
Spokane Trappers batting - Pitching for Santa Monica Bruins : RHP José Moya
|
Batting: LHB Pete Carter
|
0-0: Ball 1-0: Swinging Strike 1-1: SINGLE (Groundball, 13) (infield hit)
|
Batting: RHB Guy Miller
|
0-0: Called Strike 0-1: Grounds into double play, 5-4-3 (Groundball, 5)
|
Batting: RHB Zi-xing King
|
0-0: Called Strike 0-1: Ball 1-1: Foul Ball, location: 2F 1-2: Ball 2-2: Ball 3-2: Strikes out swinging
|
Bottom of the 6th over - 0 run(s), 1 hit(s), 0 error(s), 0 left on base; Santa Monica 4 - Spokane 8 |
TOP OF THE 7TH |
Santa Monica Bruins batting - Pitching for Spokane Trappers : RHP Arthur Green
|
Batting: RHB Grant Jenkins
|
0-0: Ball 1-0: Ball 2-0: Ball 3-0: Called Strike 3-1: Base on Balls
|
Batting: RHB Iván De Jesús
|
0-0: Ball 1-0: Foul Ball, location: 2F 1-1: Ball 2-1: Ball Wild Pitch! Grant Jenkins to second 3-1: Called Strike 3-2: Base on Balls
|
Batting: RHB Lorenzo Martínez
|
0-0: Grounds into double play, 1-4-3 (Groundball, 13S) Grant Jenkins to third
|
Batting: LHB Germán Charfauros
|
0-0: Ball 1-0: Ground out 4-3 (Groundball, 4)
|
Top of the 7th over - 0 run(s), 0 hit(s), 0 error(s), 1 left on base; Santa Monica 4 - Spokane 8 |
BOTTOM OF THE 7TH |
Spokane Trappers batting - Pitching for Santa Monica Bruins : RHP José Moya
|
Pitching: RHP Estefan Jiménez
|
|
Batting: RHB Hyo-sang Yu
|
0-0: Ball 1-0: Called Strike 1-1: Foul Ball, location: 2F 1-2: Fly out, F8 (Flyball, 8LM)
|
Batting: LHB Juan Cortés
|
0-0: Ball 1-0: Ball 2-0: Ball 3-0: Base on Balls
|
Batting: RHB Ernesto Acosta
|
0-0: Called Strike 0-1: SINGLE (Line Drive, 6) Juan Cortés to second
|
Batting: RHB Pedro Guzmán
|
0-0: Ball 1-0: Foul Ball, location: 2F 1-1: DOUBLE (Flyball, 8LXD) Juan Cortés scores Ernesto Acosta to third
|
Batting: RHB Clyde Kelley
|
0-0: Called Strike 0-1: Called Strike 0-2: Strikes out swinging
|
Batting: RHB Mario Hernández
|
0-0: Ball 1-0: Called Strike 1-1: SINGLE (Flyball, 89S) Ernesto Acosta scores Pedro Guzmán to third Runner from 3rd tries for Home, SAFE, no throw or cutoff
|
Pitching: LHP Manuel Alfonso
|
|
Batting: LHB Pete Carter
|
0-0: Foul Ball, location: 2F 0-1: Ground out 4-3 (Groundball, 4)
|
Bottom of the 7th over - 3 run(s), 3 hit(s), 0 error(s), 1 left on base; Santa Monica 4 - Spokane 11 |
TOP OF THE 8TH |
Santa Monica Bruins batting - Pitching for Spokane Trappers : RHP Arthur Green
|
Pitching: LHP Miguel Martínez
|
|
Batting: RHB Danny Crouch
|
0-0: Ball 1-0: Ball 2-0: Ball 3-0: Called Strike 3-1: SINGLE (Groundball, 6MD)
|
Batting: RHB Javier Deleón
|
0-0: Ground out 5-3 (Groundball, 5S) Danny Crouch to second
|
Batting: LHB Matsusuke Yamasaki
|
0-0: Fly out, F8 (Popup, 8LS)
|
Batting: RHB Mario Martínez
|
0-0: Foul Ball, location: 2F 0-1: Swinging Strike 0-2: Ball 1-2: Ball 2-2: Ground out 2-3 (Groundball, 23)
|
Top of the 8th over - 0 run(s), 1 hit(s), 0 error(s), 1 left on base; Santa Monica 4 - Spokane 11 |
BOTTOM OF THE 8TH |
Spokane Trappers batting - Pitching for Santa Monica Bruins : LHP Manuel Alfonso
|
Batting: RHB Guy Miller
|
0-0: Ball 1-0: Foul Ball, location: 2F 1-1: Ball 2-1: Ball 3-1: Fly out, F9 (Flyball, 9D)
|
Batting: RHB Zi-xing King
|
0-0: Ball 1-0: DOUBLE (Line Drive, 5L)
|
Batting: RHB Hyo-sang Yu
|
0-0: Swinging Strike 0-1: Called Strike 0-2: Ball 1-2: Ball 2-2: Foul Ball, location: 2F 2-2: Fly out, F9 (Flyball, 9LMF) Runner from 2nd tags up, SAFE at 3rd with throw
|
Batting: LHB Juan Cortés
|
0-0: Ball 1-0: Foul Ball, location: 2F 1-1: Called Strike 1-2: Ball 2-2: Ball 3-2: Fly out, F6 (Line Drive, 6M)
|
Bottom of the 8th over - 0 run(s), 1 hit(s), 0 error(s), 1 left on base; Santa Monica 4 - Spokane 11 |
TOP OF THE 9TH |
Santa Monica Bruins batting - Pitching for Spokane Trappers : LHP Miguel Martínez
|
Batting: RHB Salvador Salas
|
0-0: Ball 1-0: Foul Ball, location: 2F 1-1: Ball 2-1: Ball 3-1: Foul Ball, location: 2F 3-2: Strikes out looking
|
Batting: RHB Grant Jenkins
|
0-0: Ball 1-0: Swinging Strike 1-1: Swinging Strike 1-2: Foul Ball, location: 2F 1-2: Foul Ball, location: 2F 1-2: Ball 2-2: Ball 3-2: Foul Ball, location: 2F 3-2: Base on Balls
|
Batting: RHB Iván De Jesús
|
0-0: Called Strike 0-1: Ball 1-1: Ball 2-1: Grounds into double play, 4-6-3 (Groundball, 4)
|
Top of the 9th over - 0 run(s), 0 hit(s), 0 error(s), 0 left on base; Santa Monica 4 - Spokane 11 |
|